 Dungeon Crawl Stone Soup version 0.24.1 (webtiles) character file.

Game seed: 4746818871961880162, levelgen mode: deterministic

1394 Destapler the Blocker (level 8, 0/74 HPs)
             Began as a Troll Berserker on Apr 1, 2020.
             Was an Elder of Trog.
             Slain by viiviliisa's ghost (2 damage)
             ... on level 6 of the Dungeon.
             The game lasted 00:15:28 (4560 turns).

Destapler the Blocker (Troll Berserker)             Turns: 4560, Time: 00:15:29

Health: 0/74       AC:  7    Str: 28    XL:     8   Next: 41%
Magic:  7/7        EV: 10    Int:  3    God:    Trog [****..]
Gold:   282        SH: 11    Dex: 11    Spells: 7/7 levels left

rFire    . . .     SeeInvis .   a - +6 mace of Tigyicw {holy, Dex+2 Stlth+}
rCold    . . .     Gourm    +   d - +0 shield (curse)
rNeg     . . .     Faith    +   y - +0 animal skin
rPois    .         Spirit   .   (helmet restricted)
rElec    .         Reflect  .   o - +0 cloak (curse)
rCorr    .         Harm     .   (gloves unavailable)
MR       .....                  (boots unavailable)
Stlth    ++++......             e - amulet of faith
HPRegen  0.62/turn              w - ring of stealth
MPRegen  0.10/turn              t - ring of stealth

@: berserk cooldown, slowed, very slow
A: large, unfitting armour, claws 3, fast metabolism 3, gourmand, regeneration
1, shaggy fur 1, tough skin 3
a: Berserk, Trog's Hand, Brothers in Arms, Renounce Religion


You were on level 6 of the Dungeon.
You worshipped Trog.
Trog was greatly pleased with you.
You were very full.

You visited 1 branch of the dungeon, and saw 6 of its levels.

You collected 282 gold pieces.

Inventory:

Hand Weapons
 a - the +6 mace of Tigyicw (weapon) {holy, Dex+2 Stlth+}
   (You found it on level 6 of the Dungeon)

   It has been blessed by the Shining One to cause great damage to the undead
   and demons.
   It affects your dexterity (+2).
   It makes you more stealthy.
Missiles
 h - 5 boomerangs
 r - 21 poisoned darts (quivered)
Armour
 d - a cursed +0 shield (worn)
 o - a cursed +0 cloak (worn)
 y - a +0 animal skin (worn)
Jewellery
 e - an amulet of faith (around neck)
 t - a ring of stealth (right claw)
 v - an uncursed ring of protection from cold
 w - a ring of stealth (left claw)
Wands
 l - a wand of paralysis (10)
 B - a wand of clouds (6)
 E - a wand of polymorph (9)
Scrolls
 f - 2 scrolls of teleportation {unknown}
 g - 9 scrolls of remove curse {unknown}
 i - 4 scrolls of fog {unknown}
 m - a scroll of amnesia {unknown}
 n - 4 scrolls of identify {unknown}
 u - a scroll of magic mapping {unknown}
 C - a scroll of noise {unknown}
Potions
 c - 3 potions of lignification {unknown}
 j - 2 potions of brilliance {unknown}
 k - 2 potions of berserk rage {unknown}
 p - a potion of agility {unknown}
 q - a potion of haste {unknown}
 s - a potion of heal wounds
 x - 2 potions of curing {unknown}
 z - a potion of resistance {unknown}
 A - a potion of might {unknown}
Comestibles
 b - 13 rations


   Skills:
 - Level 2.5 Fighting
 + Level 2.5 Maces & Flails
 - Level 0.4 Throwing
 - Level 2.5 Dodging
 + Level 8.0 Shields
 - Level 3.2 Unarmed Combat


You had 7 spell levels left.
You didn't know any spells.
Your spell library contained the following spells:

 Spells                   Type           Power        Failure   Level  Hunger
 Magic Dart               Conj           #...         58%         1    ##.....
 Blink                    Tloc           N/A          73%         2    ###....
 Call Imp                 Summ           #.......     73%         2    ###....
 Slow                     Hex            #.......     73%         2    ###....
 Conjure Flame            Conj/Fire      #.......     91%         3    ####...
 Mephitic Cloud           Conj/Pois/Air  #.......     91%         3    ####...


Dungeon Overview and Level Annotations

Branches:
Dungeon (6/15)             Temple (0/1) D:5

Altars:
Cheibriados
Elyvilon
Nemelex Xobeh
Okawaru

Annotations:
D:6 viiviliisa's ghost, novice MiMo


Innate Abilities, Weirdness & Mutations

You are too large for most types of armour.
You have claws for hands.
Your metabolism is lightning-fast.
You like to eat raw meat.
Your natural rate of healing is unusually fast.
You are covered in fur. (AC +1)
You have extremely tough skin. (AC +3)


Message History

Viiviliisa's ghost is almost destroyed.
You block viiviliisa's ghost's attack.
You barely miss viiviliisa's ghost.
Viiviliisa's ghost is almost destroyed.
You are no longer berserk.
You are exhausted.
You feel yourself slow down. Viiviliisa's ghost hits you!
* * * LOW HITPOINT WARNING * * *
Viiviliisa's ghost freezes you.
* * * LOW HITPOINT WARNING * * *
You hit viiviliisa's ghost but do no damage.
Viiviliisa's ghost is almost destroyed.
Viiviliisa's ghost hits you.
* * * LOW HITPOINT WARNING * * *
Viiviliisa's ghost freezes you.
* * * LOW HITPOINT WARNING * * *
Viiviliisa's ghost hits you.
* * * LOW HITPOINT WARNING * * *
Viiviliisa's ghost freezes you.
You die...

#.# #..# ######.#.... #.# #..#
#.##... #.# ##..# #.##...
#####.#######...## ##.###..
#................######...###.
#.###.######'''###....#...####
#.# #.# #.(....(# #.......##
#.# #.# #....(..# #.........
#.###.# #!.♣@...# #.<.......
#.....# #..W..($# ##.........
#.##### #.(.(...#....[....##.
#.# ############.####.##. #.#
... #.##. #.######### ###
#.### #........... #.# #
#(####### #.########## #..
#)####.## #..........# #.#


You could see viiviliisa's ghost.

Vanquished Creatures
  An ice beast (D:5)
  2 centaurs (D:6)
  A phantom (D:4)
  An ogre (D:4)
  A bullfrog (D:6)
  A scorpion (D:4)
  A howler monkey (D:4)
  2 electric eels (D:6)
  A crimson imp (D:5)
  2 bullfrog skeletons
  4 orc priests
  A hound (D:4)
  A jelly (D:6)
  3 orc wizards
  Jessica (D:2)
  5 worker ants
  2 hound skeletons
  A worker ant zombie (D:6)
  7 adders
  A gnoll (D:6)
  A shadow imp (D:5)
  An ooze (D:5)
  3 worms
  3 dart slugs
  3 leopard geckos
  21 orcs
  8 giant cockroaches
  10 goblins
  5 hobgoblins
  4 jackals (D:3)
  6 kobolds
  4 quokkas
  3 bats
  4 frilled lizards
  A jackal skeleton (D:4)
  A quokka skeleton (D:6)
  6 rats
  2 plants (D:6)
125 creatures vanquished.

Notes
Turn   | Place    | Note
-------+----------+-------------------------------------------
     0 | D:1      | Destapler the Troll Berserker began the quest for the Orb.
     0 | D:1      | Reached XP level 1. HP: 22/22 MP: 0/0
   152 | D:1      | Reached XP level 2. HP: 28/29 MP: 1/1
   358 | D:1      | Reached skill level 1 in Shields
   609 | D:1      | Reached ** piety under Trog
   657 | D:2      | Noticed Jessica
   665 | D:2      | Killed Jessica
   665 | D:2      | Reached skill level 2 in Shields
   665 | D:2      | Reached XP level 3. HP: 34/36 MP: 2/2
   968 | D:2      | Found an iron altar of Okawaru.
   971 | D:2      | Found a snail-covered altar of Cheibriados.
   973 | D:2      | Found a white marble altar of Elyvilon.
  1017 | D:2      | Reached XP level 4. HP: 44/44 MP: 3/3
  1181 | D:3      | HP: 1/44 [orc/+0 flail (6)]
  1194 | D:3      | Reached skill level 3 in Shields
  1244 | D:3      | Reached XP level 5. HP: 29/50 MP: 4/4
  1252 | D:3      | Reached skill level 4 in Shields
  1672 | D:3      | Reached XP level 6. HP: 54/59 MP: 5/5
  1686 | D:3      | Reached *** piety under Trog
  1709 | D:3      | Found a faded altar of an unknown god.
  2135 | D:4      | Reached skill level 5 in Shields
  2283 | D:4      | Reached skill level 6 in Shields
  2283 | D:4      | Reached XP level 7. HP: 57/66 MP: 6/6
  2876 | D:5      | Entered Level 5 of the Dungeon
  2934 | D:5      | Reached **** piety under Trog
  3112 | D:5      | Found a staircase to the Ecumenical Temple.
  3124 | D:5      | Reached skill level 7 in Shields
  3389 | D:5      | Reached XP level 8. HP: 74/74 MP: 7/7
  3918 | D:6      | Found a sparkling altar of Nemelex Xobeh.
  3928 | D:6      | Got a pitted mace
  3933 | D:6      | Identified the +6 mace of Tigyicw {holy, Dex+2 Stlth+} (You
                  | found it on level 6 of the Dungeon)
  3965 | D:6      | Reached skill level 1 in Maces & Flails
  4091 | D:6      | Found a runed translucent gate.
  4091 | D:6      | Found a runed translucent gate.
  4105 | D:6      | Found a runed translucent gate.
  4228 | D:6      | Reached skill level 8 in Shields
  4536 | D:6      | Noticed viiviliisa's ghost (novice MiMo)
  4560 | D:6      | HP: 2/74 [viiviliisa's ghost (5)]
  4560 | D:6      | Slain by viiviliisa's ghost

Levels and vault maps discovered:
D:1:      ebering_trefoil_3fold, layout_basic
D:2:      layout_loops_ring, grunt_temple_overflow_open, uniq_jessica
D:3:      layout_loops_ring, chequers_ecumenical_altar_simple,
          dk_noncrumbling_4, serial_bayou_pond_c,
          minmay_fractal_squares_diagonal_5
D:4:      layout_basic
D:5:      layout_basic, minmay_temple_entry_hall, first_ration
D:6:      layout_loops_ring, nemelex_xobeh_ov_fountains_minmay, serial_bayou,
          serial_bayou_pond_c, serial_bayou_pond_b, serial_bayou_pond_d,
          serial_bayou_pond_d, serial_bayou_lagoon_a, serial_bayou_pond_b,
          ebering_ghost_rock_garden

Skill      XL: |  1  2  3  4  5  6  7  8 |
---------------+-------------------------+-----
Shields        | 2 3 4 6 7 8 |  8.0
Maces & Flails | 2 |  2.5
Fighting       | |  2.5
Throwing       | |  0.4
Dodging        | |  2.5
Unarmed Combat | |  3.2

Action                   |  1- 3 |  4- 6 |  7- 9 || total
-------------------------+-------+-------+-------++-------
Melee: Unarmed           |    77 |   175 |   156 ||   408
       Mace              |       |       |    14 ||    14
Invok: Trog's Hand       |     1 |     3 |     3 ||     7
       Berserk           |       |     1 |     5 ||     6
  Use: Potion            |       |     1 |       ||     1
 Stab: Sleeping          |       |       |     2 ||     2
  Eat: Chunk             |    15 |    13 |    26 ||    54
Armor: Animal skin       |    31 |    43 |    20 ||    94
Dodge: Dodged            |    29 |    54 |    31 ||   114
Block: Shield            |    21 |    91 |    59 ||   171
